 Dungeon Crawl Stone Soup version 0.18.1-48-g4cf74bf (console) character file.

3234 Kloppie the Carver (level 9, -6/67 HPs)
             Began as a Demonspawn Fighter on June 26, 2016.
             Splashed by a jelly's acid (8 damage)
             ... on level 7 of the Dungeon.
             The game lasted 00:11:45 (6900 turns).

Kloppie the Carver (Demonspawn Fighter)             Turns: 6900, Time: 00:11:46

Health: -6/67      AC: -15   Str: 19    XL:     9   Next: 66%
Magic:  0/9        EV:  7    Int: 11    God:
Gold:   459        SH:  9    Dex: 12    Spells: 0 memorised, 8 levels left

rFire  x . .     SeeInvis .     a - +1 long sword
rCold  + . .     Gourm    .     b - +0 scale mail
rNeg   . . .     Faith    .     c - +0 shield
rPois  .         Spirit   +     (no helmet)
rElec  .         Dismiss  .     i - +1 cloak
rCorr  .         Reflect  .     (no gloves)
SustAt .         Harm     .     (no boots)
MR     .....                    p - amulet of regeneration
Stlth  ..........               J - ring of flight
                                o - ring of ice

@: corroded, not resistant to hostile enchantments, extremely unstealthy
A: talons 1, rough black scales 2, foul stench 1, strong 1, magic shield, rot
immunity
a: Evoke Flight


You were on level 7 of the Dungeon.
You were hungry.

You visited 2 branches of the dungeon, and saw 8 of its levels.

You collected 459 gold pieces.

Inventory:

Hand Weapons
 a - a +1 long sword (weapon)
Armour
 b - a +0 scale mail (worn)
 c - a +0 shield (worn)
 i - a +1 cloak (worn)
 y - a +0 chain mail
Jewellery
 g - an uncursed amulet of dismissal
 o - a ring of ice (left hand)
 p - an amulet of regeneration (around neck)
 q - an uncursed amulet of harm
 w - an uncursed amulet of faith
 J - a ring of flight (right hand)
Wands
 l - a wand of random effects (12/48)
 m - a wand of flame (19/48)
 v - a wand of iceblast (5/15)
Scrolls
 k - a scroll of magic mapping
 n - 3 scrolls of fear
 s - a scroll of remove curse
 t - 4 scrolls of identify
 u - a scroll of fog
 z - a scroll of random uselessness {unknown}
 B - a scroll of enchant weapon
 D - 2 scrolls of holy word {unknown}
 F - a scroll of recharging
Potions
 d - 3 potions of might
 e - 2 potions of lignification
 h - 3 potions of curing
 x - a potion of ambrosia
 C - 2 potions of flight
 G - a potion of degeneration {unknown}
 H - a potion of cancellation {unknown}
Comestibles
 f - 4 bread rations
 j - 2 slices of pizza
 r - 8 chunks of flesh
 E - a meat ration


   Skills:
 - Level 4.9 Fighting
 + Level 11.5 Long Blades
 - Level 4.1 Armour
 - Level 2.6 Shields


You had 8 spell levels left.
You didn't know any spells.

Dungeon Overview and Level Annotations

Branches:
Dungeon (7/15)             Temple (1/1) D:4

Altars:
Cheibriados
Dithmenos
Elyvilon
Fedhas
Gozag
Nemelex Xobeh
Pakellas
Qazlal
Ru
Sif Muna
Trog
Xom
Yredelemnul
Zin
The Shining One


Innate Abilities, Weirdness & Mutations

You have sharp toenails.
You are mostly covered in rough black scales (AC +7, Dex -2).
You may emit foul miasma when damaged in melee.
When hurt, damage is shared between your health and your magic reserves.
You are immune to rotting.
Your muscles are strong. (Str +2)


Message History

* * * LOW HITPOINT WARNING * * *
You claw the jelly.
The jelly is heavily wounded.
You are feeling hungry.
The jelly barely misses you.
You hit the jelly but do no damage.
Your hands burn!
* * * LOW HITPOINT WARNING * * *
The jelly is heavily wounded.
The jelly hits you.
* * * LOW HITPOINT WARNING * * *
You are splashed with acid!
The acid burns!
* * * LOW HITPOINT WARNING * * *
You hit the jelly but do no damage.
Your hands burn!
* * * LOW HITPOINT WARNING * * *
Your kick misses the jelly.
The jelly is heavily wounded.
The jelly hits you.
* * * LOW HITPOINT WARNING * * *
You are splashed with acid!
The acid corrodes you!
The acid burns!
You die...

.................................
#.##....#.....#....#####.....####
#...##.....#....# #.....#
###..<..........#####.....#
######.......)....###..))....####
..................'.'...#....)...
#.####.######.....###...#........
#......# #.....# #...#........
######## ####@^# ###.#.##.....
.......# ### ##J# #...#......
...#.### #...# #J# ##..#......
.....### P....J##J# #..#.....#
.......# .....J'..# #..#.....#
.....#.# P.....#### #..'.....#
#..<)..# #...# #.##.....#
#..))..# ### #..#.....# .......#
##.##'####


You could see a jelly and 2 oozes.

Vanquished Creatures
  Pikel (D:5)
  Grinder (D:6)
  A slime creature (D:7)
  Eustachio (D:5)
  2 hungry ghosts (D:7)
  Edmund (D:5)
  An orc warrior (D:6)
  A black bear (D:6)
  An ogre (D:6)
  A centaur (D:7)
  3 giant frogs (D:6)
  A scorpion (D:5)
  5 howler monkeys
  A giant frog skeleton (D:4)
  6 jellies (D:7)
  3 crimson imps (D:5)
  4 orc priests
  2 centaur skeletons
  4 orc wizards
  A hound (D:4)
  Natasha (D:2)
  5 worker ants
  A killer bee zombie (D:6)
  A hound zombie (D:6)
  A hound skeleton (D:7)
  A worker ant zombie (D:6)
  A howler monkey skeleton (D:4)
  3 gnolls
  6 adders
  A shadow imp (D:6)
  10 oozes
  An adder skeleton (D:6)
  3 worms
  2 dart slugs
  2 giant geckos
  28 orcs
  8 bats
  2 giant cockroaches
  10 goblins
  9 hobgoblins
  7 jackals
  8 kobolds
  2 quokkas
  7 giant newts
  A quokka zombie (D:6)
  6 rats
168 creatures vanquished.

Vanquished Creatures (others)
  A slave (D:5)
  An orc wizard (D:5)
  A shadow imp (D:5)
  2 fungi (D:7)
5 creatures vanquished.

Grand Total: 173 creatures vanquished

Notes
Turn   | Place    | Note
--------------------------------------------------------------
     0 | D:1      | Kloppie the Demonspawn Fighter began the quest for the Orb.
     0 | D:1      | Reached XP level 1. HP: 18/18 MP: 1/1
    21 | D:1      | Reached skill level 2 in Long Blades
   116 | D:1      | Gained mutation: You are immune to rotting. [demonic ancestry]
   116 | D:1      | Reached XP level 2. HP: 23/24 MP: 2/2
   421 | D:1      | Found a sparkling altar of Nemelex Xobeh.
   661 | D:2      | Gained mutation: You are partially covered in rough black scales (AC +4, Dex -1). [demonic ancestry]
   661 | D:2      | Reached XP level 3. HP: 19/29 MP: 3/3
  1093 | D:2      | Reached skill level 3 in Long Blades
  1093 | D:2      | Gained mutation: You may emit foul miasma when damaged in melee. [demonic ancestry]
  1093 | D:2      | Reached XP level 4. HP: 12/37 MP: 4/4
  1326 | D:2      | Noticed an angel
  1327 | D:2      | Found a glowing silver altar of Zin.
  1327 | D:2      | Found a shimmering altar of Xom.
  1516 | D:2      | Noticed Natasha
  1529 | D:2      | Killed Natasha
  2198 | D:3      | Gained mutation: You are mostly covered in rough black scales (AC +7, Dex -2). [demonic ancestry]
  2198 | D:3      | Reached XP level 5. HP: 36/42 MP: 5/5
  2888 | D:3      | Found an opulent altar of Gozag.
  2889 | D:3      | Found a sparkling altar of Nemelex Xobeh.
  3415 | D:4      | Found a snail-covered altar of Cheibriados.
  3502 | D:4      | Found a staircase to the Ecumenical Temple.
  3508 | Temple   | Entered the Ecumenical Temple
  3823 | D:4      | Reached XP level 6. HP: 49/49 MP: 6/6
  4115 | D:4      | Reached skill level 4 in Long Blades
  4180 | D:5      | Entered Level 5 of the Dungeon
  4191 | D:5      | Noticed Edmund
  4318 | D:4      | Gained mutation: Your muscles are strong. (Str +2) [potion of beneficial mutation]
  4557 | D:5      | Noticed Eustachio
  4578 | D:5      | Killed Eustachio
  4578 | D:5      | Reached skill level 5 in Long Blades
  4578 | D:5      | Gained mutation: When hurt, damage is shared between your health and your magic reserves. [demonic ancestry]
  4578 | D:5      | Reached XP level 7. HP: 51/55 MP: 7/7
  4609 | D:5      | Noticed Pikel
  4626 | D:5      | Killed Pikel
  4626 | D:5      | Reached skill level 7 in Long Blades
  4626 | D:5      | Gained mutation: You have sharp toenails. [demonic ancestry]
  4626 | D:5      | Reached XP level 8. HP: 52/61 MP: 8/8
  4772 | D:5      | Found an oddly glowing altar of Pakellas.
  4790 | D:5      | Killed Edmund
  4807 | D:5      | Reached skill level 8 in Long Blades
  5576 | D:6      | Reached skill level 9 in Long Blades
  5948 | D:6      | Noticed Grinder
  5972 | D:6      | Killed Grinder
  5972 | D:6      | Reached skill level 10 in Long Blades
  5972 | D:6      | Reached XP level 9. HP: 67/67 MP: 9/9
  5985 | D:6      | Found a white marble altar of Elyvilon.
  6045 | D:6      | Found a basalt altar of Yredelemnul.
  6543 | D:7      | Found a glowing golden altar of the Shining One.
  6718 | D:7      | Found a blossoming altar of Fedhas.
  6725 | D:7      | Reached skill level 11 in Long Blades
  6900 | D:7      | HP: 2/67 [jelly (3)]
  6900 | D:7      | Splashed by a jelly's acid

Skill      XL: |  1  2  3  4  5  6  7  8  9 |
---------------+----------------------------+-----
Long Blades    | 2 3 5 7 10 11 | 11.5
Armour         | 3 4 |  4.1
Fighting       | 4 |  4.9
Shields        | |  2.6

Action                   |  1- 3 |  4- 6 |  7- 9 || total
-------------------------+-------+-------+-------++-------
Melee: Long sword        |   124 |   275 |   438 ||   837
       Kick              |       |       |   142 ||   142
  Use: Scroll            |       |    16 |     2 ||    18
       Potion            |       |     1 |     1 ||     2
  Eat: Chunk             |     1 |     4 |    19 ||    24
       Royal jelly       |       |     1 |       ||     1
       Bread ration      |       |     1 |       ||     1
       Beef jerky        |       |       |     1 ||     1
Armor: Scale mail        |    66 |   151 |   212 ||   429
Dodge: Dodged            |    46 |    81 |    78 ||   205
Block: Shield            |    71 |   123 |   148 ||   342
